[Event "ICC tourney 3070 (40 10)"]
[Site "Internet Chess Club"]
[Date "2022.12.03"]
[Round "4"]
[White "SRIPADA, ANISHA:waterycargo"]
[Black "HELMSEN, GAVIN:ghelmsen"]
[Result "0-1"]
[ICCResult "White resigns"]
[WhiteElo "1206"]
[BlackElo "1446"]
[Opening "Modern defense"]
[ECO "A40"]
[NIC "QO.17"]
[Time "17:46:34"]
[PlyCount "82"]
[TimeControl "2400+10"]

1. d4 g6 2. Bf4 Bg7 3. e3 d6 4. Nf3 Nf6 5. c4 Nbd7 6. Nc3 a6 7. Be2 c5 8.
O-O cxd4 9. exd4 O-O 10. h3 Re8 11. Re1 e5 12. dxe5 dxe5 13. Bh2 e4 14. Nd2
e3 15. fxe3 Rxe3 16. Kh1 Nc5 17. Nf3 Nd3 18. Bxd3 Rxd3 19. Qc2 Bf5 20. Qf2
Rc8 21. Rad1 Ne4 22. Qc2 Bxc3 23. Rxd3 Qxd3 24. Qxd3 Nf2+ 25. Kg1 Nxd3 26.
bxc3 Nxe1 27. Nxe1 Rxc4 28. Be5 Ra4 29. g4 Be4 30. Kf2 Rxa2+ 31. Ke3 Bg2 32.
Nxg2 Rxg2 33. Kd3 Rg1 34. Kc4 Rb1 35. Bf4 a5 36. Bh6 a4 37. Bf4 a3 38. Be5
a2 39. Kd3 a1=Q 40. c4 Qxe5 41. Kc2 Qb2+ {White resigns} 0-1

[Event "ICC tourney 3070 (40 10)"]
[Site "Internet Chess Club"]
[Date "2022.12.03"]
[Round "4"]
[White "GUTIERREZ, AUGUSTO E:elytito2017"]
[Black "JAGAN, AASHISH:aashishjagan"]
[Result "0-1"]
[ICCResult "White resigns"]
[WhiteElo "1776"]
[BlackElo "1500"]
[Opening "Sicilian defense"]
[ECO "B40"]
[NIC "SI.43"]
[Time "17:46:45"]
[PlyCount "80"]
[TimeControl "2400+10"]

1. e4 c5 2. Nf3 e6 3. g3 d5 4. exd5 exd5 5. d4 Nf6 6. Bg2 Be6 7. O-O Nbd7 8.
Re1 Be7 9. dxc5 Bxc5 10. Nd4 Bxd4 11. Qxd4 O-O 12. Nc3 Qb6 13. Be3 Rfc8 14.
Rab1 Qxd4 15. Bxd4 Rc4 16. Rbd1 a6 17. h3 Rac8 18. Rd2 b5 19. a3 b4 20. axb4
Rxb4 21. Ree2 Rxb2 22. Nxd5 Rb1+ 23. Kh2 Nxd5 24. Bxg7 Kxg7 25. Bxd5 Bxd5
26. Rxd5 Nf6 27. Rg5+ Kf8 28. Ra5 Ra8 29. g4 Rb5 30. Ra3 a5 31. c4 Rc5 32.
Rc2 Nd5 33. Kg3 Nb6 34. Rca2 Nxc4 35. Ra4 Nb6 36. Rd4 a4 37. Ra3 Nc4 38. Rc3
a3 39. Rdxc4 Rxc4 40. Rxc4 a2 {White resigns} 0-1

[Event "ICC tourney 3070 (40 10)"]
[Site "Internet Chess Club"]
[Date "2022.12.03"]
[Round "4"]
[White "BRUDNO, STEPHEN:StevChess01"]
[Black "Doan Giang, Nguyen Doan:Doctorstrange04"]
[Result "0-1"]
[ICCResult "White resigns"]
[WhiteElo "1544"]
[BlackElo "1795"]
[Opening "King's Indian defense"]
[ECO "E60"]
[NIC "KI.80"]
[Time "17:46:20"]
[PlyCount "106"]
[TimeControl "2400+10"]

1. d4 Nf6 2. c4 g6 3. f3 c5 4. d5 d6 5. e4 Bg7 6. Nc3 O-O 7. Nge2 a6 8. Ng3
e6 9. Be2 exd5 10. cxd5 b5 11. a3 Re8 12. O-O h5 13. Re1 Nbd7 14. Nh1 h4 15.
Nf2 Ne5 16. Nd3 Nfd7 17. Nxe5 Nxe5 18. Bf4 c4 19. Qd2 h3 20. g3 Ra7 21. Be3
Rae7 22. Bd4 f5 23. Rf1 Kh7 24. Be3 Bb7 25. Kh1 Qa8 26. Rad1 Qc8 27. Rde1
Nf7 28. Bd4 Bh6 29. Qc2 Ne5 30. f4 Nf7 31. exf5 Qxf5 32. Qxf5 gxf5 33. Bf6
Re3 34. Bd4 R3e7 35. Bf6 Rc7 36. Bf3 Rxe1 37. Rxe1 Bg7 38. Bxg7 Kxg7 39. Kg1
Bc8 40. Kf2 Bd7 41. Be2 Nd8 42. Bf1 Kf6 43. Bxh3 Nb7 44. Bg2 Nc5 45. Bf1 Rc8
46. Re3 a5 47. b4 cxb3 48. Nxb5 Ne4+ 49. Kg2 Rc2+ 50. Kg1 b2 51. Rb3 Nd2 52.
Bd3 Rc1+ 53. Kf2 Nxb3 {White resigns} 0-1

[Event "ICC tourney 3070 (40 10)"]
[Site "Internet Chess Club"]
[Date "2022.12.03"]
[Round "4"]
[White "MA, YUNHUI:K03-16857748"]
[Black "Han, Shuyi:ShuyiH"]
[Result "1/2-1/2"]
[ICCResult "Game drawn by repetition"]
[WhiteElo "1104"]
[BlackElo "1292"]
[Opening "Giuoco Pianissimo: Italian four knights variation"]
[ECO "C50"]
[NIC "IG.02"]
[Time "17:46:19"]
[PlyCount "94"]
[TimeControl "2400+10"]

1. e4 e5 2. Nf3 Nc6 3. Bc4 Bc5 4. Nc3 Nf6 5. d3 d6 6. h3 h6 7. Be3 Bb6 8.
O-O O-O 9. d4 exd4 10. Bxd4 Be6 11. Bb3 Qd7 12. Kh2 Nxd4 13. Nxd4 Bxb3 14.
axb3 Qe7 15. Nf5 Qe6 16. Ng3 Rfe8 17. f4 Rad8 18. Nf5 Nxe4 19. Nd4 Qf6 20.
Nce2 c5 21. Nb5 a6 22. Nbc3 Nxc3 23. Nxc3 Ba7 24. Nd5 Qxb2 25. Qg4 h5 26.
Qg3 Re2 27. Rae1 Qxc2 28. Rxe2 Qxe2 29. Re1 Qd2 30. Nf6+ Kf8 31. Nh7+ Kg8
32. Nf6+ Kf8 33. Nxh5 Qb2 34. Qe3 Kg8 35. Qe7 Rb8 36. Qc7 Qxb3 37. Qxd6 Qc3
38. Re7 Qd4 39. Qc7 Qd8 40. Qe5 Qd4 41. Qc7 Qd8 42. Qe5 Qd4 43. Qf5 Qc4 44.
Qe5 Qd4 45. Qf5 Qc4 46. Qe5 Qd4 47. Qf5 Qc4 {Game drawn by repetition}
1/2-1/2

[Event "ICC tourney 3070 (40 10)"]
[Site "Internet Chess Club"]
[Date "2022.12.03"]
[Round "4"]
[White "Sarafudinov, Andrey:whyyoutrysohard"]
[Black "LIU, LUCAS:K03-16947300"]
[Result "1-0"]
[ICCResult "Black checkmated"]
[WhiteElo "1602"]
[BlackElo "1495"]
[Opening "Dutch, 2.Bg5 variation"]
[ECO "A80"]
[NIC "HD.12"]
[Time "17:46:22"]
[PlyCount "79"]
[TimeControl "2400+10"]

1. d4 f5 2. Bg5 g6 3. Nc3 Bg7 4. Nf3 Nf6 5. e3 e6 6. e4 h6 7. Bxf6 Qxf6 8.
Bd3 O-O 9. Qe2 Nc6 10. e5 Qe7 11. O-O-O Qb4 12. Bc4 a6 13. a3 Qe7 14. d5 Na5
15. Ba2 b5 16. dxe6 dxe6 17. Nd4 c5 18. Nd5 exd5 19. Bxd5+ Kh8 20. Bxa8 cxd4
21. f4 Be6 22. Bf3 Rc8 23. Qe1 Qc5 24. Qf2 Bb3 25. Rd2 Nc4 26. Rxd4 Ne3 27.
Rd3 Bxc2 28. Rc3 Nc4 29. Qxc5 Rxc5 30. Rxc2 Bf8 31. Rd1 Ne3 32. Rxc5 Bxc5
33. Rd8+ Kg7 34. Rd7+ Kg8 35. b4 Bf8 36. e6 Bg7 37. Rd8+ Bf8 38. e7 Kf7 39.
exf8=Q+ Ke6 40. Rd6# {Black checkmated} 1-0

[Event "ICC tourney 3070 (40 10)"]
[Site "Internet Chess Club"]
[Date "2022.12.03"]
[Round "5"]
[White "MA, YUNHUI:K03-16857748"]
[Black "Wu, Zhuoyuan:Jake000"]
[Result "0-1"]
[ICCResult "White checkmated"]
[WhiteElo "1104"]
[BlackElo "1444"]
[Opening "Sicilian: closed"]
[ECO "B23"]
[NIC "SI.44"]
[Time "20:00:13"]
[PlyCount "74"]
[TimeControl "2400+10"]

1. e4 c5 2. Nc3 d6 3. Bb5+ Bd7 4. Bxd7+ Qxd7 5. f4 g6 6. Nf3 Bg7 7. O-O Nc6
8. d3 Nf6 9. Be3 Ng4 10. Qd2 Nxe3 11. Qxe3 Bd4 12. Nxd4 cxd4 13. Qd2 dxc3
14. Qxc3 O-O 15. d4 Rac8 16. Qg3 Nxd4 17. Qd3 Nxc2 18. Qd2 Nxa1 19. Rxa1 Qb5
20. Rf1 Rc7 21. f5 Qe5 22. Qh6 Qg7 23. Qh3 f6 24. fxg6 hxg6 25. Qe6+ Qf7 26.
Qh3 Kg7 27. Qa3 Qc4 28. Re1 Qc5+ 29. Qxc5 Rxc5 30. Rb1 Rc2 31. Kf1 Rfc8 32.
Ke1 Rxg2 33. Kf1 Rxh2 34. Kg1 Rch8 35. Rf1 Rxb2 36. Ra1 Rhh2 37. Rf1 Rbg2#
{White checkmated}
0-1

[Event "ICC tourney 3070 (40 10)"]
[Site "Internet Chess Club"]
[Date "2022.12.03"]
[Round "5"]
[White "ZHAO, DANSON:K01-30127679"]
[Black "SRIPADA, ANISHA:waterycargo"]
[Result "1-0"]
[ICCResult "Black checkmated"]
[WhiteElo "1444"]
[BlackElo "1206"]
[Opening "French defense"]
[ECO "C00"]
[NIC "FR.01"]
[Time "20:01:34"]
[PlyCount "127"]
[TimeControl "2400+10"]

1. e4 e6 2. Nf3 d5 3. exd5 exd5 4. d4 Bd6 5. Bd3 Ne7 6. Bg5 O-O 7. O-O h6 8.
Bh4 Bg4 9. Nbd2 Nd7 10. c3 c6 11. Bg3 Qc7 12. Bxd6 Qxd6 13. h3 Bh5 14. Qc2
Bg6 15. Bxg6 Nxg6 16. Rfe1 Rfe8 17. Nb3 Re7 18. Rxe7 Qxe7 19. Re1 Qd6 20.
Na5 b6 21. Nb3 Nf6 22. Ne5 Re8 23. Nf3 Ne4 24. Nbd2 Qf4 25. c4 Re7 26. cxd5
Nxd2 27. Rxe7 Nxf3+ 28. gxf3 Nxe7 29. dxc6 Qxf3 30. c7 Qb7 31. d5 Nc8 32.
Qc4 Nd6 33. Qc2 Qc8 34. Qc6 Qf8 35. Qd7 Nc8 36. Kf1 Ne7 37. Qxe7 Qxe7 38.
c8=Q+ Kh7 39. Qc6 Qh4 40. Qc8 Qe4 41. d6 Qh1+ 42. Ke2 Qe4+ 43. Kf1 Qd3+ 44.
Kg1 Qxd6 45. Qc2+ Qg6+ 46. Qxg6+ Kxg6 47. Kg2 Kf5 48. Kf3 Ke5 49. Ke3 f5 50.
f4+ Kd5 51. b3 g6 52. h4 h5 53. a3 a6 54. Kd3 a5 55. a4 Kc5 56. Kc3 b5 57.
axb5 Kxb5 58. Kc2 Kb4 59. Kb2 g5 60. hxg5 h4 61. g6 h3 62. g7 h2 63. g8=Q
h1=Q 64. Qc4# {Black checkmated} 1-0

[Event "ICC tourney 3070 (40 10)"]
[Site "Internet Chess Club"]
[Date "2022.12.03"]
[Round "5"]
[White "YU, VINCENT ZHIWEN:vincentyu"]
[Black "JAGAN, AASHISH:aashishjagan"]
[Result "1-0"]
[ICCResult "Black checkmated"]
[WhiteElo "1347"]
[BlackElo "1500"]
[Opening "Sicilian: closed, Korchnoi variation"]
[ECO "B23"]
[NIC "SI.44"]
[Time "20:00:14"]
[PlyCount "93"]
[TimeControl "2400+10"]

1. e4 c5 2. Nc3 e6 3. g3 d5 4. exd5 exd5 5. Bg2 Nf6 6. d3 Be6 7. f4 Bd6 8.
Nf3 O-O 9. O-O Nbd7 10. Re1 Qb6 11. Ng5 c4+ 12. Kh1 d4 13. Nxe6 fxe6 14. Ne4
cxd3 15. Qxd3 Bc5 16. Ng5 h6 17. Nxe6 Rfe8 18. Bd2 Rxe6 19. Qc4 Re8 20. f5
Qa6 21. Qb3 Nf8 22. Bxb7 Qb6 23. fxe6 Qxb3 24. axb3 Rxe6 25. Kg2 Rb6 26. Ba6
Ng4 27. Bc4+ Kh8 28. Ra5 Rc6 29. Re8 Bd6 30. Rxa7 d3 31. Bxd3 Bc5 32. b4 Nf6
33. bxc5 Nxe8 34. Ra8 Re6 35. c6 g6 36. Bc3+ Kg8 37. Bc4 Kf7 38. Ra7+ Kg8
39. Re7 Nd6 40. Rg7+ Kh8 41. Rd7+ Kg8 42. Rxd6 Kf7 43. Rxe6 g5 44. c7 g4 45.
c8=Q h5 46. Qe8+ Kg8 47. Rh6# {Black checkmated} 1-0

[Event "ICC tourney 3070 (40 10)"]
[Site "Internet Chess Club"]
[Date "2022.12.03"]
[Round "5"]
[White "Zilbermintz, Lev:chessrex"]
[Black "Sarafudinov, Andrey:whyyoutrysohard"]
[Result "1/2-1/2"]
[ICCResult "Game drawn by repetition"]
[WhiteElo "1705"]
[BlackElo "1602"]
[Opening "French: Rubinstein variation"]
[ECO "D00"]
[NIC "QP.08"]
[Time "20:00:15"]
[PlyCount "95"]
[TimeControl "2400+10"]

1. d4 d5 2. e4 dxe4 3. Nc3 e6 4. f3 c5 5. Bf4 a6 6. dxc5 Qxd1+ 7. Rxd1 exf3
8. Nxf3 Bxc5 9. Ne4 Be7 10. Bd6 Nc6 11. Bc4 Nf6 12. Nxf6+ Bxf6 13. c3 Be7
14. O-O Bxd6 15. Rxd6 Ke7 16. Rdd1 f6 17. Rde1 e5 18. Nd4 g6 19. Bd5 Nd8 20.
Bf3 Rb8 21. Nc2 Nc6 22. Bxc6 bxc6 23. Nb4 Rb6 24. a4 a5 25. Nc2 Rxb2 26. Ne3
Ba6 27. Rf3 e4 28. Nd1 Re2 29. Re3 Rxe1+ 30. Rxe1 f5 31. Ne3 Rd8 32. Rb1 Rd3
33. Kf2 Rxc3 34. Rb6 Bd3 35. Rb7+ Kf6 36. Rc7 Ra3 37. Rxc6+ Kg5 38. Rc5 Ra2+
39. Kg3 Rxa4 40. h4+ Kh6 41. Rc6 Ra2 42. Nxf5+ Kh5 43. Ng7+ Kh6 44. Nf5+ Kh5
45. Ng7+ Kh6 46. Nf5+ Kh5 47. Ng7+ Kh6 48. Nf5+ {Game drawn by repetition}
1/2-1/2

[Event "ICC tourney 3070 (40 10)"]
[Site "Internet Chess Club"]
[Date "2022.12.03"]
[Round "5"]
[White "LIU, LUCAS:K03-16947300"]
[Black "GUTIERREZ, AUGUSTO E:elytito2017"]
[Result "1-0"]
[ICCResult "Black resigns"]
[WhiteElo "1495"]
[BlackElo "1776"]
[Opening "Sicilian defense"]
[ECO "B20"]
[NIC "SI.48"]
[Time "20:00:13"]
[PlyCount "89"]
[TimeControl "2400+10"]

1. e4 c5 2. Bc4 e6 3. Nc3 Nf6 4. Nf3 d5 5. exd5 exd5 6. Bb5+ Bd7 7. Bxd7+
Qxd7 8. d4 cxd4 9. Nxd4 Be7 10. O-O O-O 11. Qf3 Nc6 12. Be3 Ne5 13. Qg3 Nc4
14. b3 Nb6 15. Rad1 Rac8 16. Nce2 Rfe8 17. Rfe1 Ne4 18. Qf3 Bb4 19. Rf1 Bc3
20. Ng3 g6 21. Nxe4 dxe4 22. Qg3 Qe7 23. Nf5 Qc7 24. Nd6 Be5 25. Nxe8 Rxe8
26. Bxb6 axb6 27. Qh3 f5 28. c4 Ra8 29. Rd2 Bf4 30. Rd5 Ra5 31. Rfd1 Rxd5
32. Rxd5 Qe7 33. Qc3 h5 34. Qd4 Bg5 35. Rd7 Qf6 36. Qxf6 Bxf6 37. Rd6 Kf7
38. Rxb6 Bd4 39. Rxb7+ Kf6 40. a4 f4 41. a5 e3 42. fxe3 fxe3 43. Kf1 Kf5 44.
a6 Ke4 45. Ke2 {Black resigns} 1-0

[Event "ICC tourney 3070 (40 10)"]
[Site "Internet Chess Club"]
[Date "2022.12.03"]
[Round "5"]
[White "HELMSEN, GAVIN:ghelmsen"]
[Black "BRUDNO, STEPHEN:StevChess01"]
[Result "1/2-1/2"]
[ICCResult "Game drawn because neither player has mating material"]
[WhiteElo "1446"]
[BlackElo "1544"]
[Opening "Sicilian: Smith-Morra gambit"]
[ECO "B21"]
[NIC "SI.48"]
[Time "20:00:15"]
[PlyCount "108"]
[TimeControl "2400+10"]

1. e4 c5 2. d4 cxd4 3. c3 dxc3 4. Nxc3 Nc6 5. Nf3 e6 6. Bc4 Nge7 7. O-O Ng6
8. Qe2 Be7 9. Rd1 a6 10. Nd5 exd5 11. exd5 O-O 12. dxc6 bxc6 13. Ne5 Nxe5
14. Qxe5 d5 15. Bf4 Bf6 16. Qe2 Re8 17. Qc2 Qb6 18. Bd3 g6 19. Rab1 Be6 20.
b3 a5 21. Rbc1 Bd7 22. g3 Qb4 23. h4 a4 24. h5 axb3 25. axb3 Ra3 26. hxg6
hxg6 27. Rb1 Qc3 28. Qxc3 Bxc3 29. Bd6 Ra2 30. b4 Rea8 31. b5 cxb5 32. Bxb5
Bxb5 33. Rxb5 d4 34. Be5 Ra1 35. Rxa1 Rxa1+ 36. Kg2 f5 37. Rb7 Re1 38. f4
Re2+ 39. Kf3 Re3+ 40. Kg2 Re2+ 41. Kh3 Rb2 42. Rg7+ Kf8 43. Rxg6 Ke7 44. Rf6
Rb3 45. Rxf5 Ke6 46. Rf6+ Kd5 47. Rd6+ Ke4 48. Rc6 Be1 49. Rc4 Rxg3+ 50. Kh2
Rd3 51. Rxd4+ Rxd4 52. Bxd4 Kxd4 53. f5 Ke5 54. f6 Kxf6
{Game drawn because neither player has mating material}
1/2-1/2